 Dungeon Crawl Stone Soup version 0.28-a0-998-gb9e9c7b67e (webtiles) character file.

Game seed: 6274571239940337209

52 vurker the Gusty (level 3, -1/15 HPs)
             Began as a Felid Air Elementalist on Dec 5, 2021.
             Slain by Jessica (7 damage)
             ... on level 2 of the Dungeon.
             The game lasted 00:01:33 (1693 turns).

vurker the Gusty (Felid Air Elementalist)           Turns: 1693, Time: 00:01:34

Health: -1/15      AC:  1    Str:  4    XL:     3   Next: 60%
Magic:  2/7        EV: 17    Int: 18    God:
Gold:   79         SH:  0    Dex: 16    Spells: 6/7 levels left
                                        Lives:  0   Deaths: 0

rFire   . . .      SeeInvis +   (weapon unavailable)
rCold   . . .      Faith    .   (shield unavailable)
rNeg    . . .      Spirit   .   (armour unavailable)
rPois   .          Reflect  .   (helmet unavailable)
rElec   .          Harm     .   (cloak unavailable)
rCorr   .          Rampage  .   (gloves unavailable)
Will    .....                   (boots unavailable)
Stlth   ++........              (no amulet)
HPRegen 0.05/turn               (no ring)
MPRegen 0.10/turn               (no ring)

@: quick
A: very small, claws 1, fangs 3, see invisible, speed 1, shaggy fur 1, stealthy
paws, no weapons or thrown items, no armour, multi-lived
a: no special abilities


You were on level 2 of the Dungeon.
You visited 1 branch of the dungeon, and saw 2 of its levels.

You collected 79 gold pieces.

Inventory:

Scrolls
 c - a scroll of identify {unknown}
 e - a scroll of blinking {unknown}
 g - a scroll of fear {unknown}
Potions
 a - a potion of magic {unknown}
 b - 2 potions of curing {unknown}
 d - a potion of flight {unknown}
 f - 2 potions of might {unknown}


   Skills:
 + Level 1.2 Fighting
 - Level 2.6 Dodging
 - Level 2.6 Stealth
 * Level 2.6 Spellcasting
 + Level 1.4 Conjurations
 * Level 3.2 Air Magic


You had 6 spell levels left.
You knew the following spells:

 Your Spells              Type           Power      Damage    Failure   Level
a - Shock                 Conj/Air       40%        1d5       6%          1

Your spell library contained the following spells:

 Spells                   Type           Power      Damage    Failure   Level
 Static Discharge         Conj/Air       10%        N/A       10%         2
 Swiftness                Air            14%        N/A       13%         3
 Airstrike                Air            7%         N/A       41%         4


Dungeon Overview and Level Annotations

Branches:
Dungeon (2/15)

Altars:

Annotations:
D:2 Jessica


Innate Abilities, Weirdness & Mutations

You have sharp claws.
You have razor-sharp teeth.
You have supernaturally acute eyesight. (SInv)
You cover ground quickly. (Speed+)
You are covered in fur. (AC +1)
Your paws help you pounce on unaware monsters.
You are incapable of wielding weapons or throwing items.
You cannot wear armour.
You gain extra lives every three experience levels.


Message History

Aim: an endoplasm (asleep, 100% to hit)
The zap hits the endoplasm.
An endoplasm is nearby!
Aim: an endoplasm (almost dead, 97% to hit)
The zap hits the endoplasm.
You kill the endoplasm!
A goblin comes into view. It is wielding a +0 dagger.
A goblin is nearby!
Aim: a goblin, wielding a +0 dagger (wandering, hasn't noticed you, 60% to hit)
The zap hits the goblin.
The goblin shouts!
A rat comes into view.
There are monsters nearby!
Aim: a goblin, wielding a +0 dagger (severely wounded, 60% to hit)
The zap hits the goblin.
You kill the goblin!
A rat is nearby!
Aim: a rat (68% to hit)
The zap hits the rat.
A rat is nearby!
Aim: a rat (heavily wounded, 68% to hit)
The zap hits the rat.
You kill the rat!
You now have 79 gold pieces (gained 11).
You see here a +0 dagger.
You can't see any susceptible monsters within range! (Use Z to cast anyway.) As you open the door, it creaks loudly!
You hear a shout!
Found a scroll labelled AFIHECVIY and a scroll labelled HEDIUNATHRO.
You can't see any susceptible monsters within range! (Use Z to cast anyway.) Jessica the Apprentice Sorceress comes into view.
She is wielding a +0 dagger.
A goblin comes into view. It is wielding a +0 dagger.
There is an open door here.
Aim: Jessica, wielding a +0 dagger and wearing a +0 robe (68% to hit)
The zap hits Jessica.
Aim: Jessica, wielding a +0 dagger and wearing a +0 robe (lightly wounded, 68% to hit)
The zap hits Jessica.
Jessica hits you with a +0 dagger.
Aim: Jessica, wielding a +0 dagger and wearing a +0 robe (heavily wounded, 68% to hit)
The zap hits Jessica but does no damage.
Jessica hits you with a +0 dagger.
Aim: Jessica, wielding a +0 dagger and wearing a +0 robe (heavily wounded, 68% to hit)
The zap misses Jessica.
Jessica looks very angry.
Jessica hits you with a +0 dagger.
* * * LOW HITPOINT WARNING * * *
Aim: Jessica, wielding a +0 dagger and wearing a +0 robe (heavily wounded, 68% to hit)
The zap hits Jessica but does no damage.
The zap misses the goblin.
Jessica shouts, "You're disturbing me!
I'll have to kill you!" Jessica hits you with a +0 dagger!
You die...

#......#.# #######..
#......#.# #..
#...?..#.###########..
#......#..............
#......#..............
#......#..............
#...?g.#...<..........
#@##..............
#@##..............
#..#...........^..
##.#..............
#.....###.#.#####
#...### #......(.
#..>..# #########
#.###.# #.# #.#
#.###.#####


You could see Jessica and a goblin.

Vanquished Creatures
  An adder (D:2)
  2 worms (D:2)
  3 dart slugs
  2 ball pythons (D:1)
  3 bats (D:1)
  2 endoplasms
  4 goblins
  4 hobgoblins (D:1)
  A frilled lizard (D:1)
  7 kobolds
  2 rats
31 creatures vanquished.

Notes
Turn   | Place    | Note
-------+----------+-------------------------------------------
     0 | D:1      | vurker the Felid Air Elementalist began the quest for the
                  | Orb.
     0 | D:1      | Reached XP level 1. HP: 7/7 MP: 4/4
   135 | D:1      | Reached skill level 1 in Conjurations
   406 | D:1      | Reached XP level 2. HP: 12/12 MP: 3/6
   538 | D:1      | Reached skill level 3 in Air Magic
  1104 | D:2      | Reached skill level 1 in Fighting
  1104 | D:2      | Reached XP level 3. HP: 9/15 MP: 4/7
  1687 | D:2      | Noticed Jessica
  1693 | D:2      | Slain by Jessica

Illustrated notes

Levels and vault maps discovered:
D:1:      lightli_arrival_chessboard, layout_rooms, serial_forest,
          infiniplex_forest_straight_4, infiniplex_forest_lined_2,
          infiniplex_forest_corner_1, infiniplex_forest_lined_2,
          infiniplex_forest_fountain, infiniplex_forest_straight_1,
          infiniplex_forest_corner_2, chequers_serial_rivers_micro_a
D:2:      layout_basic, minmay_vboxes, uniq_jessica

Skill      XL: |  1  2 |
---------------+-------+-----
Conjurations   | 1 |  1.4
Air Magic      | 3 |  3.2
Fighting       | 1 |  1.2
Dodging        | |  2.6
Stealth        | |  2.6
Spellcasting   | |  2.6

Action                   || total
-------------------------++-------
Melee: Unarmed           ||    24
       Bite              ||     1
 Cast: Shock             ||    87
Armor: Skin              ||     6
Dodge: Dodged            ||    30

Table legend: (Time is in decaauts)
 A = Elapsed time spent in this place.
 B = Non-inter-level travel time spent in this place.
 C = Inter-level travel time spent in this place.
 D = Time resting spent in this place.
 E = Time spent auto-exploring this place.
 F = Levels seen in this place.
 G = Mean time per level.
                   A        B        C        D        E       F      G
               +--------+--------+--------+--------+--------+-----+--------+
         Total |   1573 |   1553 |     20 |    120 |   1196 |   2 |  786.5 |
       Dungeon |   1573 |   1553 |     20 |    120 |   1196 |   2 |  786.5 |
               +--------+--------+--------+--------+--------+-----+--------+

Top non-repeatable levels by time:
     D:1: 1049 daAuts
     D:2: 523 daAuts
